 Dungeon Crawl Stone Soup version 0.30-a0-458-g86641cc369 (webtiles) character file.

Game seed: 11604124552305240612

95 Lobster4 the Caller (level 4, -32/32 HPs)
             Began as a Human Summoner on Dec 14, 2022.
             Killed by an exploding Robin (43 damage)
             ... ignited by their inner flame
             ... on level 4 of the Dungeon.
             The game lasted 00:04:39 (1622 turns).

Lobster4 the Caller (Human Summoner)                Turns: 1622, Time: 00:04:40

Health: -32/32     AC:  2    Str:  8    XL:     4   Next: 97%
Magic:  3/7        EV: 12    Int: 17    God:
Gold:   105        SH:  0    Dex: 14    Spells: 4/7 levels left

rFire   . . .      SeeInvis .    b - +0 sling
rCold   . . .      Faith    .    (no shield)
rNeg    . . .      Spirit   .    e - +0 robe
rPois   .          Reflect  .    (no helmet)
rElec   .          Harm     .    (no cloak)
rCorr   .          Rampage  .    (no gloves)
Will    .....                    (no boots)
Stlth   ++........               (no amulet)
HPRegen 0.25/turn                (no ring)
MPRegen 0.10/turn                (no ring)

@: about to teleport
A: no striking features
a: no special abilities


You were on level 4 of the Dungeon.
You visited 1 branch of the dungeon, and saw 3 of its levels.

You collected 105 gold pieces.

Inventory:

Hand Weapons
 a - a +0 dagger of draining
 b - a +0 sling (weapon)
 i - a +0 short sword
Armour
 e - a +0 robe (worn)
Jewellery
 h - a ring of fire
Potions
 c - a potion of invisibility {unknown}
 d - a potion of resistance
 j - 2 potions of magic


   Skills:
 + Level 1.3 Fighting
 + Level 0.5 Ranged Weapons
 + Level 1.0 Armour
 + Level 2.4 Dodging
 + Level 2.5 Stealth
 + Level 2.4 Spellcasting
 * Level 4.5 Summonings


You had 4 spell levels left.
You knew the following spells:

 Your Spells              Type           Power      Damage    Failure   Level
a - Summon Small Mammal   Summ           68%        N/A       2%          1
b - Call Imp              Summ           17%        N/A       4%          2

Your spell library contained the following spells:

 Spells                   Type           Power      Damage    Failure   Level
 Call Canine Familiar     Summ           17%        N/A       9%          3
 Kiss of Death            Conj/Necr      8%         2d6       19%         1
 Summon Guardian Golem    Hex/Summ       9%         N/A       22%         3
 Confusing Touch          Hex            2%         N/A       50%         3
 Summon Lightning Spire   Summ/Air       9%         N/A       58%         4
 Dispel Undead            Necr           2%         3d7       88%         4


Dungeon Overview and Level Annotations

Branches:
Dungeon (2/15)

Altars:
Uskayaw


Message History

The puff of frost hits Robin.
You closely miss Robin.
Robin is heavily wounded.
Your quokka bites Robin.
Your quokka barely misses Robin.
Robin misses you.
You feel less confused.
Your white imp disappears in a puff of smoke!
Your quokka barely misses Robin.
Robin zaps a wand.
The bolt of light hits you!
* * * LOW HITPOINT WARNING * * *
The goblin hits your quokka with a +0 club.
You feel much better.
Your quokka barely misses Robin.
Robin hits you with a +0 club. The goblin barely misses your quokka.
Your quokka barely misses Robin.
Casting: Summon Small Mammal (safe; 2% risk of failure)
Confirm with . or Enter, or press ? or * to list all spells.
A beastly little devil appears in a puff of flame.
Robin throws the goblin at you!
The goblin hits your quokka with a +0 club.
Your quokka dies!
Your quokka's corpse disappears in a puff of smoke!
The goblin completely misses you.
A sky beast comes into view.
Unknown command.
As you read the scroll labelled VUCSOERHOT, it crumbles to dust.
The creatures around you are filled with an inner flame!
It was a scroll of immolation.
Robin zaps a wand.
The bolt of light hits you!
Ouch! That really hurt!
The goblin hits you with a +0 dagger.
Your crimson imp hits Robin.
Flame seeps out of Robin.
As you read the scroll labelled WEULIB DOCAIP, it crumbles to dust.
You feel strangely unstable.
It was a scroll of teleportation.
The sky beast flickers out of sight!
Deactivating autopickup; reactivate with Ctrl-A.
Robin is engulfed in blazing flames.
Robin explodes!
The fiery explosion engulfs the goblin!
The fiery explosion engulfs your crimson imp.
Your crimson imp completely resists.
The fiery explosion engulfs you!!!
Ouch! That really hurt!
You die...

##.##..## #.......# #
.......# #. ......#
...### #...#########
....).####.....#.....##
....)g§§§.............#
.....)§○5.............#
#.....§@§...........!.#
{.....g...............#
#{#....#########....###
...#### ###### #. .


You could see 2 goblins and a friendly crimson imp (summoned, inner flame).

Vanquished Creatures
  An iguana (D:4)
  Robin (D:4)
  An adder (D:2)
  3 dart slugs
  3 bats (D:1)
  2 endoplasms
  A giant cockroach (D:1)
  3 goblins
  3 hobgoblins
  A jackal (D:1)
  3 ball pythons
  4 frilled lizards (D:1)
  3 kobolds
29 creatures vanquished.

Vanquished Creatures (collateral kills)
  A dart slug (D:1)
  2 endoplasms (D:1)
  A giant cockroach (D:1)
  6 goblins
  4 hobgoblins
  2 jackals (D:1)
  A quokka (D:1)
  A ball python (D:1)
  A frilled lizard (D:1)
19 creatures vanquished.

Grand Total: 48 creatures vanquished

Notes
Turn   | Place    | Note
-------+----------+-------------------------------------------
     0 | D:1      | Lobster4 the Human Summoner began the quest for the Orb.
     0 | D:1      | Reached XP level 1. HP: 13/13 MP: 3/3
   111 | D:1      | Reached XP level 2. HP: 20/20 MP: 1/5
   114 | D:1      | Learned a level 2 spell: Call Imp
   549 | D:1      | Reached XP level 3. HP: 25/25 MP: 3/6
  1260 | D:2      | Found a hide-covered altar of Uskayaw.
  1416 | D:2      | Reached skill level 1 in Fighting
  1454 | D:2      | Reached XP level 4. HP: 32/32 MP: 7/7
  1554 | D:2      | You fall into a shaft and drop 2 floors!
  1585 | D:4      | Reached skill level 1 in Armour
  1607 | D:4      | Noticed Robin
  1620 | D:4      | Noticed a sky beast
  1622 | D:4      | Killed Robin
  1622 | D:4      | Killed by an exploding Robin... ignited by their inner
                  | flame

Illustrated notes

Levels and vault maps discovered:
D:1:      dpeg_arrival_pond, layout_basic
D:2:      layout_basic, basic_altar
D:4:      layout_gridville, minmay_temple_entry_ruins,
          cheibrodos_sewer_entry_sluice, uniq_robin

Skill      XL: |  1  2  3  4 |
---------------+-------------+-----
Fighting       | 1 |  1.3
Armour         | 1 |  1.0
Ranged Weapons | |  0.5
Dodging        | |  2.4
Stealth        | |  2.5
Spellcasting   | |  2.4
Summonings     | |  4.5

Action                   |  1- 3 |  4- 6 || total
-------------------------+-------+-------++-------
Melee: Short sword       |    21 |       ||    21
       Whip              |    11 |       ||    11
       Dagger            |     3 |       ||     3
       Sling             |       |     1 ||     1
 Fire: Sling             |    71 |    15 ||    86
 Cast: Summon Small Mamm |    21 |     6 ||    27
       Call Imp          |     4 |     3 ||     7
  Use: Scroll            |       |     5 ||     5
       Potion            |       |     1 ||     1
Armor: Robe              |    17 |     1 ||    18
Dodge: Dodged            |    47 |     8 ||    55

Table legend: (Time is in decaauts)
 A = Elapsed time spent in this place.
 B = Non-inter-level travel time spent in this place.
 C = Inter-level travel time spent in this place.
 D = Time resting spent in this place.
 E = Time spent auto-exploring this place.
 F = Levels seen in this place.
 G = Mean time per level.
                   A        B        C        D        E       F      G
               +--------+--------+--------+--------+--------+-----+--------+
         Total |   1655 |   1626 |     29 |    121 |   1090 |   3 |  551.7 |
       Dungeon |   1655 |   1626 |     29 |    121 |   1090 |   3 |  551.7 |
               +--------+--------+--------+--------+--------+-----+--------+

Top non-repeatable levels by time:
     D:1: 1250 daAuts
     D:2: 335 daAuts
     D:4: 69 daAuts
